 Dungeon Crawl Stone Soup version 0.28-a0-447-g1f95980246 (webtiles) character file.

Game seed: 3782030957284805960

4545 nicanaca0 the Carver (level 10, -3/88 HPs)
             Began as a Minotaur Berserker on Sept 12, 2021.
             Was an Elder of Trog.
             Slain by a death yak (14 damage)
             ... on level 8 of the Dungeon.
             The game lasted 00:17:56 (9703 turns).

nicanaca0 the Carver (Minotaur Berserker)           Turns: 9703, Time: 00:17:57

Health: -3/88      AC: 12    Str: 25    XL:     10   Next: 17%
Magic:  9/9        EV: 12    Int:  6    God:    Trog [****..]
Gold:   415        SH:  0    Dex: 14    Spells: 9/9 levels left

rFire   + + .      SeeInvis .   a - +1 falchion
rCold   + . .      Faith    .   (no shield)
rNeg    . . .      Spirit   .   g - +2 leather armour "Xivuh" {rElec rF++ Str+2 Dex+4}
rPois   .          Reflect  .   (helmet restricted)
rElec   +          Harm     .   F - +0 cloak
rCorr   .          Rampage  .   J - +0 pair of gloves
Will    .....                   u - +2 pair of boots
Stlth   +.........              k - amulet of the acrobat
HPRegen 0.24/turn               t - ring of protection from cold
MPRegen 0.11/turn               (no ring)

@: no status effects
A: horns 2, retaliatory headbutt
a: Renounce Religion, Berserk, Trog's Hand, Brothers in Arms


You were on level 8 of the Dungeon.
You worshipped Trog.
Trog was greatly pleased with you.
You visited 1 branch of the dungeon, and saw 8 of its levels.
You visited the Abyss 1 time.

You collected 415 gold pieces.

Inventory:

Hand Weapons
 a - a +1 falchion (weapon)
 L - the +9 mace of Conscience {vorpal, rF+}
   (You found it on level 7 of the Dungeon)

   It inflicts extra damage upon your enemies.
   rF:        It protects you from fire.
Missiles
 b - 3 throwing nets
 d - 199 stones
 f - 19 poisoned darts
 p - 12 boomerangs (quivered)
 y - 65 sling bullets
Armour
 g - the +2 leather armour "Xivuh" (worn) {rElec rF++ Str+2 Dex+4}
   (You found it on level 5 of the Dungeon)

   Str:       It affects your strength (+2).
   Dex:       It affects your dexterity (+4).
   rF:        It greatly protects you from fire.
   rElec:     It insulates you from electricity.
 n - a +1 chain mail
 u - a +2 pair of boots (worn)
 F - a +0 cloak (worn)
 J - a +0 pair of gloves (worn)
Jewellery
 k - an amulet of the acrobat (around neck)
 t - a ring of protection from cold (left hand)
 E - a ring of fire
Wands
 C - a wand of digging (7)
 H - a wand of iceblast (9)
 K - a wand of mindburst (5)
Scrolls
 c - a scroll of teleportation {@r2}
 e - a scroll of summoning
 h - a scroll of blinking {@r2}
 l - a scroll of enchant weapon
 o - 3 scrolls of immolation
 q - 3 scrolls of enchant armour
 s - a scroll of amnesia {unknown}
 w - a scroll of magic mapping
 A - a scroll of fear {unknown}
 B - a scroll of torment
 D - a scroll of holy word {unknown}
 I - a scroll of noise {unknown}
Potions
 i - 4 potions of curing {@q1}
 j - a potion of might
 m - a potion of heal wounds {@q2}
 r - a potion of ambrosia
 v - 3 potions of brilliance
 x - a potion of degeneration
 z - a potion of lignification
 G - a potion of attraction {unknown}
 M - a potion of resistance {unknown}


   Skills:
 + Level 8.2 Fighting
 * Level 13.0 Long Blades
 + Level 5.1 Throwing
 + Level 7.7 Armour
 - Level 2.1 Dodging


You had 9 spell levels left.
You didn't know any spells.
Your spell library was empty.

Dungeon Overview and Level Annotations

Branches:
Dungeon (8/15)             Temple (0/1) D:5            Lair (0/6) D:8

Altars:
Ashenzari
Cheibriados
Dithmenos
Elyvilon
Fedhas
Gozag
Kikubaaqudgha
Nemelex Xobeh
Trog
Vehumet
Wu Jian
Xom
Zin
The Shining One


Innate Abilities, Weirdness & Mutations

You have a pair of horns on your head.
You reflexively headbutt those who attack you in melee.


Message History

The death yak closely misses you. You furiously retaliate!
You headbutt the death yak! You barely miss the death yak.
You headbutt the death yak, but do no damage.
The death yak is heavily wounded.
You hit the death yak.
The death yak is heavily wounded.
The death yak gores you but does no damage.
You hit the death yak.
You headbutt the death yak, but do no damage.
The death yak is heavily wounded.
The death yak closely misses you.
You hit the death yak. You headbutt the death yak.
The death yak is severely wounded.
You hit the death yak but do no damage.
The death yak is severely wounded.
The death yak gores you.
You hit the death yak.
You headbutt the death yak, but do no damage.
The death yak is severely wounded.
You completely miss the death yak.
The death yak is severely wounded.
The death yak gores you but does no damage.
You slash the death yak! Your headbutt misses the death yak.
The death yak is almost dead.
The death yak gores you.
* * * LOW HITPOINT WARNING * * *
You hit the death yak but do no damage. Your headbutt misses the death yak.
The death yak is almost dead.
A death yak comes into view.
You completely miss the death yak.
The death yak is almost dead.
The death yak bellows!
You hear a bellow!
The death yak gores you!
* * * LOW HITPOINT WARNING * * *
You hit the death yak. You headbutt the death yak.
The death yak is almost dead.
A death yak comes into view.
The death yak gores you!
You die...

###.........#..)....#
#####.........##.)<.#..##
##...#............)).#*..#
#....#...............#..#*
#.......................##
#...#.............#.#....#
*##...#.............#.#....#*
**.........#..##.............#
*....#....##.oY@......#......#**
*#....#.)o.###Y####....#..##...,*
*.#.......)#*#..*#.....#......#**
**,.........*#..##.....#....#**
**....#..Y.,#.####..#..>...#*
**,...#.....,...**#..#..$....** *
*,,............#*,...#...,,,,,* *
,,,,,,,,,,,,,..,,,,,,*,,,,,,,,***
,,,,,,,,,,,,,,,,*,,,,,,,,,,,,,,,,


You could see 2 death yaks and an orc.

Vanquished Creatures
  A troll (D:6)
  A wyvern (D:7)
  3 water moccasins
  An ice beast (D:5)
  2 orc warriors
  2 black bears
  2 sky beasts
  4 ogres
  2 necrophages (D:6)
  3 phantoms
  2 kobold brigands
  A bullfrog (D:5)
  3 scorpions
  A wyvern skeleton (D:5)
  6 killer bees
  A howler monkey (D:6)
  2 centaur zombies
  A bullfrog zombie (D:6)
  A hound (D:5)
  Crazy Yiuf (D:5)
  A bullfrog skeleton (D:5)
  3 gnoll shamans
  4 orc priests
  Jessica (D:2)
  3 iguanas
  Natasha (thrice) (D:4)
  Terence (D:2)
  2 orc wizards
  A hell rat (D:8)
  A hound zombie (D:5)
  Robin (D:2)
  17 gnolls
  5 adders
  A river rat (D:8)
  A white imp (D:7)
  3 ufetubi
  3 adder skeletons (D:4)
  2 worms (D:4)
  5 dart slugs
  20 orcs
  4 ball pythons
  4 bats
  3 endoplasms
  20 goblins
  10 hobgoblins
  3 jackals (D:4)
  5 quokkas
  2 frilled lizards (D:1)
  21 kobolds
  6 rats
196 creatures vanquished.

Vanquished Creatures (collateral kills)
  A hydra (D:7)
1 creature vanquished.

Vanquished Creatures (others)
  A black bear (D:5)
  2 fungi (D:3)
3 creatures vanquished.

Grand Total: 200 creatures vanquished

Notes
Turn   | Place    | Note
-------+----------+-------------------------------------------
     0 | D:1      | nicanaca0 the Minotaur Berserker began the quest for the
                  | Orb.
     0 | D:1      | Reached XP level 1. HP: 19/19 MP: 0/0
    74 | D:1      | Reached skill level 4 in Long Blades
   187 | D:1      | Reached XP level 2. HP: 25/26 MP: 1/1
   764 | D:2      | Reached skill level 5 in Long Blades
   765 | D:2      | Noticed Robin
   769 | D:2      | Reached XP level 3. HP: 31/31 MP: 2/2
   944 | D:1      | Reached ** piety under Trog
  1079 | D:2      | Killed Robin
  1225 | D:2      | Noticed Jessica
  1233 | D:2      | Killed Jessica
  1234 | D:2      | Reached skill level 6 in Long Blades
  1234 | D:2      | Reached XP level 4. HP: 39/39 MP: 3/3
  1258 | D:2      | Noticed Terence
  1274 | D:2      | Killed Terence
  1895 | D:3      | Found an opulent altar of Gozag.
  2072 | D:3      | Reached skill level 7 in Long Blades
  2072 | D:3      | Reached XP level 5. HP: 45/45 MP: 4/4
  3135 | D:4      | Noticed a phantom
  3165 | D:4      | Killed a phantom
  3166 | D:4      | Reached skill level 8 in Long Blades
  3166 | D:4      | Reached XP level 6. HP: 28/51 MP: 5/5
  3440 | D:4      | Found a bloodstained altar of Trog.
  3525 | D:4      | Noticed an orc warrior
  3545 | D:4      | Killed an orc warrior
  3546 | D:4      | Reached skill level 9 in Long Blades
  3765 | D:4      | Found a blossoming altar of Fedhas.
  3766 | D:4      | Found an ancient bone altar of Kikubaaqudgha.
  3817 | D:4      | Noticed Natasha
  3830 | D:4      | Killed Natasha
  3950 | D:4      | Found a broken altar of Ashenzari.
  3956 | D:4      | Reached XP level 7. HP: 57/57 MP: 6/6
  3970 | D:4      | Found a glowing golden altar of the Shining One.
  4079 | D:4      | Reached skill level 10 in Long Blades
  4080 | D:4      | Reached *** piety under Trog
  4156 | D:4      | Noticed Natasha
  4168 | D:4      | Killed Natasha
  4213 | D:4      | Noticed Natasha
  4216 | D:4      | Killed Natasha
  4666 | D:5      | Entered Level 5 of the Dungeon
  4943 | D:5      | Identified the +2 leather armour "Xivuh" {rElec rF++ Str+2
                  | Dex+4}
  4969 | D:5      | Found a staircase to the Ecumenical Temple.
  4985 | D:5      | Reached XP level 8. HP: 67/67 MP: 7/7
  4995 | D:5      | Found a glowing silver altar of Zin.
  4995 | D:5      | Noticed an angel
  5235 | D:5      | Found an ornate altar of the Wu Jian Council.
  5355 | D:5      | Found a radiant altar of Vehumet.
  5403 | D:5      | Found a runed translucent door.
  5404 | D:5      | Noticed Crazy Yiuf
  5470 | D:5      | Reached skill level 5 in Fighting
  5758 | D:5      | Reached **** piety under Trog
  5763 | D:5      | Reached skill level 11 in Long Blades
  6018 | D:5      | Found a white marble altar of Elyvilon.
  6028 | D:5      | Found a shimmering altar of Xom.
  6410 | D:5      | Killed Crazy Yiuf
  6500 | D:6      | Noticed a troll
  6509 | D:6      | Killed a troll
  6510 | D:6      | Reached skill level 1 in Throwing
  6510 | D:6      | Reached skill level 5 in Armour
  6890 | D:6      | Reached XP level 9. HP: 77/77 MP: 8/8
  7347 | D:6      | Found a sparkling altar of Nemelex Xobeh.
  7350 | D:6      | Found a snail-covered altar of Cheibriados.
  7651 | D:7      | Reached skill level 12 in Long Blades
  7734 | D:7      | Found a shadowy altar of Dithmenos.
  7764 | D:7      | Noticed a seven-headed hydra
  7771 | D:7      | Killed a seven-headed hydra
  8064 | D:7      | Identified the +9 mace of Conscience {vorpal, rF+}
  8603 | D:8      | Noticed a two-headed ogre
  8626 | D:8      | Reached XP level 10. HP: 73/88 MP: 9/9
  9158 | D:7      | Reached skill level 5 in Throwing
  9475 | D:8      | Cast into level 1 of the Abyss (gnoll)
  9476 | Abyss:1  | Found a corrupted altar of Lugonu.
  9507 | D:8      | Escaped the Abyss
  9672 | D:8      | Reached skill level 13 in Long Blades
  9672 | D:8      | Noticed a death yak
  9701 | D:8      | Noticed a death yak
  9703 | D:8      | Noticed a death yak
  9703 | D:8      | Slain by a death yak

Illustrated notes

Levels and vault maps discovered:
D:1:      nzn_arrival_water_spiral, layout_rooms
D:2:      layout_rooms, uniq_robin, uniq_terence, uniq_jessica
D:3:      minmay_evil_eye, layout_basic, mainiacjoe_overflow_boulevard,
          hex_intersection
D:4:      layout_loops_ring, grunt_temple_overflow_growth_and_decay,
          lemuel_crystal_altar, amethyst_overflow_temple_binary,
          kennysheep_generic_room_15, uniq_natasha
D:5:      corexii_shantytown, layout_basic,
          grunt_temple_overflow_order_and_chaos_1,
          nicolae_overflow_crystal_walls, amcnicky_altar_gilded,
          mainiacjoe_overflow_alcove_4, minmay_temple_entry_mini_moons,
          st_stairs_9, uniq_crazy_yiuf_cottage
D:6:      layout_rooms, chequers_temple_overflow_statue_of_worship,
          palyth_stone_intersect
D:7:      layout_basic, mainiacjoe_overflow_24_doors, serial_rivers,
          chequers_serial_rivers_marsh, chequers_serial_rivers_room_b,
          chequers_serial_rivers_small_3, chequers_serial_rivers_small_b,
          chequers_serial_rivers_small_a
D:8:      layout_cave_pools, dpeg_lair_monsters, uniq_erica

Skill      XL: |  1  2  3  4  5  6  7  8  9 10 |
---------------+-------------------------------+-----
Long Blades    | 4 5 6 7 8 9 10 11 12 13 | 13.0
Fighting       | 4 6 8 |  8.2
Armour         | 3 5 7 |  7.7
Throwing       | 2 4 5 |  5.1
Dodging        | |  2.1

Action                   |  1- 3 |  4- 6 |  7- 9 | 10-12 || total
-------------------------+-------+-------+-------+-------++-------
Melee: Falchion          |    51 |   129 |   261 |    48 ||   489
       Headbutt          |     4 |    17 |    51 |    12 ||    84
Throw: Stone             |    11 |    90 |       |       ||   101
       Dart              |    37 |    11 |    81 |       ||   129
       Boomerang         |       |       |    44 |     8 ||    52
Invok: Berserk           |       |     3 |     1 |       ||     4
       Trog's Hand       |       |     1 |       |     1 ||     2
       Brothers in Arms  |       |       |     1 |       ||     1
Evoke: Wand              |       |       |     7 |     6 ||    13
  Use: Scroll            |       |       |    15 |       ||    15
       Potion            |       |       |       |     1 ||     1
 Stab: Distracted        |       |       |     1 |       ||     1
Armor: Ring mail         |    18 |     1 |       |       ||    19
       Animal skin       |     1 |       |       |       ||     1
       Chain mail        |       |    42 |    17 |       ||    59
       Leather armour    |       |       |    58 |    31 ||    89
Dodge: Dodged            |    34 |    41 |   150 |    75 ||   300

Table legend: (Time is in decaauts)
 A = Elapsed time spent in this place.
 B = Non-inter-level travel time spent in this place.
 C = Inter-level travel time spent in this place.
 D = Time resting spent in this place.
 E = Time spent auto-exploring this place.
 F = Levels seen in this place.
 G = Mean time per level.
                   A        B        C        D        E       F      G
               +--------+--------+--------+--------+--------+-----+--------+
         Total |   9677 |   9478 |    199 |   1903 |   6035 |   9 | 1075.2 |
       Dungeon |   9646 |   9447 |    199 |   1903 |   6035 |   8 | 1205.8 |
         Abyss |     31 |     31 |      0 |      0 |      0 |   1 |   31.0 |
               +--------+--------+--------+--------+--------+-----+--------+

Top non-repeatable levels by time:
     D:5: 1881 daAuts
     D:4: 1806 daAuts
     D:7: 1463 daAuts
     D:6: 1306 daAuts
     D:3: 1197 daAuts
     D:1: 1004 daAuts
     D:2: 691 daAuts
     D:8: 294 daAuts
 Abyss:1: 31 daAuts
